 Dungeon Crawl Stone Soup version 0.31-a0-486-g8d68a81214 (webtiles) character file.

Game seed: 2199184159331797755

48 MisterAzrael the Changeling (level 3, 0/28 HPs)
             Began as a Draconian Shapeshifter on Aug 7, 2023.
             Slain by a worm (4 damage)
             ... on level 3 of the Dungeon.
             The game lasted 00:01:38 (1853 turns).

MisterAzrael the Changeling (DrSh)                  Turns: 1853, Time: 00:01:39

Health: 0/28       AC:  5    Str: 19    XL:     3   Next: 50%
Magic:  3/3        EV: 12    Int:  8    God:
Gold:   123        SH:  0    Dex: 17    Spells: 2/2 levels left

rFire   + .          .
                       - Unarmed
rCold   . . .        (no shield)
rNeg    . . .        (body armour unavailable)
rPois   .            (helmet currently unavailable)
rElec   .            (cloak currently unavailable)
rCorr   .            (gloves currently unavailable)
SInv    .            (boots currently unavailable)
Will    .....        (no amulet)
Stlth   ++           i - ring of protection from fire
HPRegen 0.24/turn    l - +6 ring of dexterity
MPRegen 0.08/turn

%: no passive effects
@: beast-form
A: beast (slay +2), AC +5, unfitting armour, cold-blooded
a: Begin Untransformation


You were on level 3 of the Dungeon.
You were a hulking beast.
You visited 1 branch of the dungeon, and saw 3 of its levels.

You collected 123 gold pieces.

Inventory:

Missiles
 h - 3 datura-tipped darts
Jewellery
 i - a ring of protection from fire (left hand)
 l - a +6 ring of dexterity (right hand)
Talismans
 b - a beast talisman (active)
Scrolls
 c - a scroll of identify {unknown}
 g - a scroll of enchant weapon {unknown}
 k - a scroll of torment {unknown}
 n - a scroll of fear {unknown}
 o - 2 scrolls of teleportation {unknown}
Potions
 a - a potion of lignification
 d - a potion of invisibility {unknown}
 e - 2 potions of attraction {unknown}
 f - a potion of ambrosia {unknown}
 j - a potion of curing {unknown}
 m - a potion of mutation {unknown}
 p - a potion of might {unknown}


   Skills:
 - Level 1.2 Fighting
 - Level 1.7 Dodging
 + Level 3.6 Unarmed Combat
 * Level 3.7 Shapeshifting


You had 2 spell levels left.
You didn't know any spells.
Your spell library was empty.

Dungeon Overview and Level Annotations

Branches:
Dungeon (3/15)

Altars:
Trog


Innate Abilities, Weirdness & Mutations

You are a hulking beast.
Your limbs bulge with bestial killing power. (Slay +2)
Your plain brown scales are hard. (AC +5)
You cannot fit into any form of body armour.
You are cold-blooded and may be slowed by cold attacks.


Message History

A moth of wrath is nearby!
A moth of wrath is nearby!
A moth of wrath is nearby!
No reachable target in view!
No reachable target in view!
No reachable target in view!
A moth of wrath is nearby!
The moth of wrath's fur bristles in rage as it notices you. 2 worms and 2 rats come into view.
Found a mace.
Found a bloodstained altar of Trog.
A worm comes into view.
Found a dagger and a long sword.
What are your orders? t - Shout!
Orders for allies: a - Attack new target. r - Retreat! s - Stop attacking. g - Guard the area. f - Follow me.
Anything else - Cancel.
You shout for attention!
You punch the rat!
You kill the rat!
The moth of wrath goads the rat on!
The rat goes berserk!
The rat bites you but does no damage. The rat barely misses you.
You punch the rat!
You kill the rat!
The moth of wrath goads the worm on!
The worm goes berserk!
You hit the worm. Your punch misses the worm.
The worm is lightly wounded.
The worm bites you.
You hit the worm.
The worm is heavily wounded.
The worm bites you! The worm misses you.
You hit the worm. You punch the worm.
The worm is almost dead.
The worm bites you!
* * * LOW HITPOINT WARNING * * *
You hit the worm.
You kill the worm!
The worm bites you.
You die...

..)#.##...##)..._....#
.###.##...##....w....##
..........#....###....#
..........#...##y##...#
..........#....###....#
..........#...........#
###...#...##.........#
##.......##....w..###
#.##.########h####.#
#.##.####..##.##...#
#)##...##..........#
#.......#..........#
######..##.........#
######..#.†.......#
#..................#
#.######...........#
.#######...###.####


You could see a moth of wrath and 2 worms.

Vanquished Creatures
  A worm (D:3)
  An orc (D:3)
  6 ball pythons (D:1)
  5 endoplasms
  2 giant cockroaches (D:1)
  4 hobgoblins
  5 jackals
  3 quokkas
  4 bats (D:1)
  2 goblins
  3 kobolds
  7 rats
43 creatures vanquished.

Notes
Turn   | Place    | Note
-------+----------+-------------------------------------------
     0 | D:1      | MisterAzrael the Draconian Shapeshifter began the quest for
                  | the Orb.
     0 | D:1      | Reached XP level 1. HP: 16/16 MP: 1/1
   256 | D:1      | Reached XP level 2. HP: 23/23 MP: 2/2
  1052 | D:2      | Reached XP level 3. HP: 28/28 MP: 3/3
  1834 | D:3      | Noticed a moth of wrath
  1837 | D:3      | Found a bloodstained altar of Trog.
  1853 | D:3      | Slain by a worm

Illustrated notes

Levels and vault maps discovered:
D:1:      dpeg_arrival_leaves_temple_mockup, layout_loops_corners
D:2:      layout_basic, kennysheep_nub
D:3:      layout_basic, tgw_trog, serial_shops,
          nicolae_shop_tiny_real_fake_doors, nicolae_shop_window_shopping,
          nicolae_shop_scrapyard, shop_statue, nicolae_square_shop

Action                     || total
---------------------------++-------
  Melee: Unarmed           ||   109
         Tailslap          ||    10
         Punch             ||     3
   Stab: Sleeping          ||     2
 Armour: Skin              ||    47
  Dodge: Dodged            ||    85

Table legend: (Time is in decaauts)
 A = Elapsed time spent in this place.
 B = Non-inter-level travel time spent in this place.
 C = Inter-level travel time spent in this place.
 D = Time resting spent in this place.
 E = Time spent auto-exploring this place.
 F = Levels seen in this place.
 G = Mean time per level.
                   A        B        C        D        E       F      G
               +--------+--------+--------+--------+--------+-----+--------+
         Total |   1846 |   1782 |     64 |      0 |   1508 |   3 |  615.3 |
       Dungeon |   1846 |   1782 |     64 |      0 |   1508 |   3 |  615.3 |
               +--------+--------+--------+--------+--------+-----+--------+

Top non-repeatable levels by time:
     D:1: 934 daAuts
     D:2: 728 daAuts
     D:3: 183 daAuts
